 Dungeon Crawl Stone Soup version 0.29-a0-962-gc8bbfd0a37 (webtiles) character file.

Game seed: 123962072345513470

29 avis the Chiller (level 2, -2/24 HPs)
             Began as a Demigod Ice Elementalist on July 30, 2022.
             Slain by Robin
             ... wielding a +0 spear
              (6 damage)
             ... on level 2 of the Dungeon.
             The game lasted 00:09:33 (1738 turns).

avis the Chiller (Demigod Ice Elementalist)         Turns: 1738, Time: 00:09:33

Health: -2/24      AC:  2    Str:  9    XL:     2   Next: 81%
Magic:  5/7        EV: 12    Int: 17    God:
Gold:   56         SH:  0    Dex: 14    Spells: 4/5 levels left

rFire   . . .      SeeInvis .   h - +0 dagger
rCold   . . .      Faith    .   (no shield)
rNeg    . . .      Spirit   .   a - +0 robe
rPois   .          Reflect  .   (no helmet)
rElec   .          Harm     .   (no cloak)
rCorr   .          Rampage  .   (no gloves)
Will    .....                   (no boots)
Stlth   ++........              (no amulet)
HPRegen 0.08/turn               (no ring)
MPRegen 0.10/turn               (no ring)

@: no status effects
A: high MP 1, forlorn, divine attributes
a: no special abilities


You were on level 2 of the Dungeon.
You visited 1 branch of the dungeon, and saw 2 of its levels.

You collected 56 gold pieces.

Inventory:

Hand Weapons
 h - a +0 dagger (weapon)
Armour
 a - a +0 robe (worn)
 g - a scarf of shadows
Potions
 b - a potion of magic
 c - a potion of curing {unknown}
 d - a potion of cancellation
 e - a potion of invisibility
 f - a potion of heal wounds


   Skills:
 - Level 2.0 Fighting
 - Level 2.0 Dodging
 - Level 2.0 Stealth
 - Level 2.0 Spellcasting
 * Level 3.6 Ice Magic


You had 4 spell levels left.
You knew the following spells:

 Your Spells              Type           Power      Damage    Failure   Level
a - Freeze                Ice            52%        1d7       4%          1

Your spell library contained the following spells:

 Spells                   Type           Power      Damage    Failure   Level
 Frozen Ramparts          Ice            26%        1d4       13%         3
 Ozocubu's Armour         Ice            13%        N/A       13%         3
 Hailstorm                Conj/Ice       7%         3d4       67%         4


Dungeon Overview and Level Annotations

Branches:
Dungeon (2/15)

Annotations:
D:1 Deep water exploration.
D:2 Robin


Innate Abilities, Weirdness & Mutations

You have an increased reservoir of magic. (+10% MP)
You shall have no god before yourself.
Your divine heritage dramatically boosts your attributes as you level up.


Message History

You start resting.
Magic restored.
You start resting.
HP restored.
You see here a +0 dagger.
Things that are here:
a +0 club; a +0 dagger You see here a +0 club.
Things that are here:
a +0 dagger; a goblin skeleton
There is a stone staircase leading down, spattered with blood here.
You climb downwards.
Level annotation: Robin Robin hits you from afar with a +0 spear.
There is a stone staircase leading up here.
Robin hits you with a +0 spear.
Casting: Freeze (safe; 4% risk of failure)
Confirm with . or Enter, or press ? or * to list all spells.
Aiming: Freeze (safe; 4% risk of failure)
Press: ? - help, Shift-Dir - straight line, f - Robin
Aim: Robin, wielding a +0 spear, wearing a +0 animal skin and wearing a +0 helmet You freeze Robin.
Robin is lightly wounded.
Robin hits you with a +0 spear.
Casting: Freeze (safe; 4% risk of failure)
Confirm with . or Enter, or press ? or * to list all spells.
Aiming: Freeze (safe; 4% risk of failure)
Press: ? - help, Shift-Dir - straight line, f/p - Robin
Aim: Robin, wielding a +0 spear, wearing a +0 animal skin and wearing a +0 helmet (lightly wounded)
You freeze Robin.
Robin is moderately wounded.
Robin hits you with a +0 spear.
* * * LOW HITPOINT WARNING * * *
Robin barely misses you.
The goblin unwields a +0 dagger.
The goblin wields a +0 sling.
The goblin shoots a sling bullet.
The sling bullet hits you.
* * * LOW HITPOINT WARNING * * *
There is a stone staircase leading up here.
Robin hits you from afar with a +0 spear.
You die...

.. .# .. ########## #
#. #.........
#.#.###.########
###.......##### ##
#........g....# gg
.......@......####g###g
...>......##g.#...g..g.
#.#.#.###.##..#g# .....
#.##..#.# #.#.#
#.##..g.# ... #.##....#
..< #.#..#..# ..
..#.###... #.#. ..#..


You could see Robin and a goblin.

Vanquished Creatures
  4 ball pythons (D:1)
  5 endoplasms
  2 giant cockroaches (D:1)
  A kobold (D:1)
  A quokka (D:1)
  A bat (D:1)
  2 frilled lizards (D:1)
  7 goblins (D:1)
  3 rats (D:1)
26 creatures vanquished.

Notes
Turn   | Place    | Note
-------+----------+-------------------------------------------
     0 | D:1      | avis the Demigod Ice Elementalist began the quest for the
                  | Orb.
     0 | D:1      | Reached XP level 1. HP: 14/14 MP: 5/5
   178 | D:1      | Reached skill level 1 in Fighting
   463 | D:1      | Reached XP level 2. HP: 23/23 MP: 5/7
  1346 | D:2      | Noticed Robin
  1738 | D:2      | Slain by Robin

Illustrated notes

Levels and vault maps discovered:
D:1:      kilobyte_arrival_exit_the_forest, layout_loops_ring,
          hellmonk_ecumenical_altar_inner_sanctum
D:2:      layout_loops_ring, basic_altar, uniq_robin

Skill      XL: |  1  2 |
---------------+-------+-----
Fighting       | 1 2 |  2.0
Spellcasting   | 2 |  2.0
Dodging        | 2 |  2.0
Stealth        | 2 |  2.0
Ice Magic      | |  3.6

Action                   || total
-------------------------++-------
 Cast: Freeze            ||    43
  Use: Scroll            ||     3
Armor: Robe              ||     7
Dodge: Dodged            ||    22

Table legend: (Time is in decaauts)
 A = Elapsed time spent in this place.
 B = Non-inter-level travel time spent in this place.
 C = Inter-level travel time spent in this place.
 D = Time resting spent in this place.
 E = Time spent auto-exploring this place.
 F = Levels seen in this place.
 G = Mean time per level.
                   A        B        C        D        E       F      G
               +--------+--------+--------+--------+--------+-----+--------+
         Total |   1745 |   1317 |    428 |    758 |    310 |   2 |  872.5 |
       Dungeon |   1745 |   1317 |    428 |    758 |    310 |   2 |  872.5 |
               +--------+--------+--------+--------+--------+-----+--------+

Top non-repeatable levels by time:
     D:1: 1681 daAuts
     D:2: 64 daAuts
